 Dungeon Crawl Stone Soup version bcrawl-1.27.6 (webtiles) character file.

Game seed: 16126639942299648179

343027 DogServant the Destroyer (level 11, -1/68 (69) HPs)
             Began as a Fairy Conjurer on Oct 7, 2020.
             Was a Priest of Sif Muna.
             Slain by an acid dragon (3 damage)
             ... while petrified by a basilisk
             ... on level 8 of the Dungeon.
             The game lasted 00:23:42 (8453 turns).

DogServant the Destroyer (Fairy Conjurer)           Turns: 8453, Time: 00:23:42

HP:   -1/68 (69)    AC: -1    Str:  6    XL:     11   Next: 1%
MP:   18/24         EV:  3    Int: 22    God:    Sif Muna [***...]
Gold: 488           SH:  0    Dex: 13    Spells: 7/25 levels left

rFire    . . .     SeeInvis .   q - +1 rapier
rCold    . . .     Gourm    .   (shield restricted)
rNeg     + + +     Faith    .   (armour unavailable)
rPois    ∞         Spirit   .   (no helmet)
rElec    .         Reflect  .   (no cloak)
rCorr    .         Harm     .   (no gloves)
MR       +....                  (no boots)
Stlth    +.........             (no amulet)
HPRegen  0.21/turn              (no ring)
MPRegen  0.19/turn              (no ring)

@: petrified, corroded, flying evasively
A: small, magic attunement, unstealthy, unfitting armour, large bone plates 1,
able to fly, AC/SH +6
a: Stop Flying, Divine Energy, Channel Magic, Renounce Religion


You were on level 8 of the Dungeon.
You worshipped Sif Muna.
Sif Muna was most pleased with you.
You were not hungry.

You visited 2 branches of the dungeon, and saw 9 of its levels.
You also visited: Sewer.

You collected 488 gold pieces.

Inventory:

Hand Weapons
 h - a +0 dagger
 q - a +1 rapier (weapon)
Missiles
 r - 2 throwing nets {=f}
Armour
 n - a +0 pair of boots
 B - a +1 cloak
Jewellery
 p - a +3 ring of intelligence
 z - the amulet of Tunnock {Inacc rElec rN+ Int-4, unknown}
   (You found it on level 7 of the Dungeon)

   [amulet of inaccuracy]

   It reduces the accuracy of all your attacks.
   It affects your intelligence (-4).
   It insulates you from electricity.
   It protects you from negative energy.
 A - an uncursed amulet of rage
 D - an uncursed ring of poison resistance {unknown}
Wands
 c - a wand of paralysis (8)
 d - a wand of disintegration (9)
 x - a wand of scattershot (5)
 C - a wand of random effects (10)
Scrolls
 a - 4 scrolls of remove curse
 f - 3 scrolls of enchant weapon
 j - 3 scrolls of magic mapping
 t - 4 scrolls of teleportation
 u - a scroll of identify
 v - a scroll of fog {unknown}
 w - a scroll of blinking
 y - a scroll of fear
 E - a scroll of amnesia {unknown}
Potions
 b - 2 potions of magic
 g - 5 potions of curing
 i - a potion of lignification
 k - a potion of agility
 l - a potion of haste
 m - a potion of heal wounds {unknown}
 o - 4 potions of flight {unknown}
 s - 3 potions of degeneration {unknown}
Comestibles
 e - 18 rations {!d}


   Skills:
 - Level 4.0 Fighting
 - Level 10.2 Dodging
 - Level 1.6 Stealth
 + Level 7.8 Spellcasting
 + Level 10.9 Conjurations
 - Level 4.4 Hexes
 - Level 5.4 Summonings
 + Level 5.3 Transmutations
 + Level 1.9 Invocations


You had 7 spell levels left.
You knew the following spells:

 Your Spells              Type           Power        Failure   Level  Hunger
a - Magic Dart            Conj           ####         1%          1    None
b - Searing Ray           Conj           ######..     1%          2    None
c - Iskenderun's Mystic   Conj           ######..     1%          3    None
d - Fulminant Prism       Conj/Hex       #####.....   3%          4    None
e - Irradiate             Conj/Tmut      #####.....   8%          5    None
f - False Image           Hex/Summ       ####....     3%          3    None

Your spell library contained the following spells:

 Spells                   Type           Power        Failure   Level  Hunger
 Throw Frost              Conj/Ice       ####..       1%          2    None
 Stone Arrow              Conj/Erth      ####..       2%          3    None
 Tukima's Dance           Hex            ####....     3%          3    None
 Sandblast                Erth           #.....       8%          1    None
 Yara's Violent Unravell  Hex/Tmut       ####......   10%         4    None
 Blink                    Tloc           N/A          12%         2    None
 Iskenderun's Battlesphe  Conj/Chrm      ####....     22%         5    None
 Bolt of Fire             Conj/Fire      ####......   77%         6    None
 Iron Shot                Conj/Erth      ####......   77%         6    None
 Darkness                 Hex            ####......   88%         6    None
 Ozocubu's Refrigeration  Ice            #.........   100%        6    None
 Steam Barrier            Chrm/Fire      #.........   100%        6    None
 Controlled Blink         Tloc           #.......     100%        7    None


Dungeon Overview and Level Annotations

Branches:
Dungeon (8/12)             Temple (1/1) D:5
   Lair: D:7-9          Orc: D:8-11

Altars:
Cheibriados
Dithmenos
Elyvilon
Gozag
Hepliaklqana
Kikubaaqudgha
Lugonu
Makhleb
Nemelex Xobeh
Okawaru
Qazlal
Ru
Sif Muna
Uskayaw
Vehumet
Wu Jian
Xom
Yredelemnul
The Shining One


Innate Abilities, Weirdness & Mutations

Your spells do not cause hunger and MP costs are reduced by 1.
Your bright wings attract enemies. (Stealth-)
You cannot fit into any form of body armour.
Your shimmering scales are hard and can block incoming attacks. (AC +6, SH +6)
You are small and have problems with some larger weapons.
You can fly continuously.
You are partially covered in large bone plates. (SH +4)


Message History

The wyvern bites you! The acid dragon bites you! The acid dragon claws you.
The wyvern bites you! The acid dragon bites you!
The acid dragon claws you but does no damage.
The wyvern barely misses you.
Your false image disappears in a puff of smoke!
The wyvern bites you. The acid dragon bites you.
The acid dragon claws you but does no damage.
The wyvern bites you! The acid dragon spits acid at you.
The splash of acid hits you! The acid corrodes you!
You are splashed with acid!
* * * LOW HITPOINT WARNING * * *
The wyvern bites you!!
* * * LOW HITPOINT WARNING * * *
The wyvern bites you!
* * * LOW HITPOINT WARNING * * *
The acid dragon barely misses you. The acid dragon completely misses you.
The wyvern bites you.
* * * LOW HITPOINT WARNING * * *
The acid dragon bites you. The acid dragon claws you.
You die...

. # #. #.
############
#.#.##..........##
#.#.....l...###....##
## .....†..D@#.#
#.##..#####.
.....#.######
###.##...### ... #.#
## ####... . ## #.###
###


You could see a wyvern and an acid dragon.

Vanquished Creatures
  An ugly thing (D:8)
  Maurice (D:8)
  3 centaur skeletons
  A troll (D:7)
  Prince Ribbit (D:7)
  7 yaks
  A basilisk (D:8)
  A hungry ghost (D:6)
  2 water moccasins
  A hornet zombie (D:5)
  An ice beast (D:5)
  2 phantoms (D:5)
  2 sky beasts
  2 black bears
  4 necrophages
  2 centaurs
  An ogre (D:7)
  A bullfrog (D:5)
  A gnoll sergeant (D:6)
  An elf zombie (D:7)
  A scorpion (D:4)
  A water moccasin skeleton (D:8)
  12 killer bees
  2 wights (D:7)
  A howler monkey (D:7)
  2 crimson imps
  A bullfrog zombie (D:5)
  5 hounds
  2 human zombies (D:7)
  A jelly (D:8)
  A bullfrog skeleton (D:6)
  Ijyb (D:3)
  3 iguanas
  5 orc wizards
  A human skeleton (D:7)
  4 worker ants
  A hound zombie (D:5)
  A hound skeleton (D:8)
  9 gnolls
  8 adders
  2 river rats (Sewer)
  A shadow imp (D:8)
  An ooze (D:3)
  An adder skeleton (D:5)
  An adder zombie (D:7)
  8 worms
  2 dart slugs
  6 leopard geckos
  19 orcs
  5 bats
  6 giant cockroaches
  10 goblins
  7 hobgoblins
  6 jackals
  2 quokkas
  6 ball pythons
  9 frilled lizards
  A jackal skeleton (D:4)
  8 kobolds
  2 orc zombies (D:7)
  11 rats
  3 fulminant prisms (D:8)
215 creatures vanquished.

Vanquished Creatures (others)
  9 fulminant prisms
9 creatures vanquished.

Grand Total: 224 creatures vanquished

Notes
Turn   | Place    | Note
-------+----------+-------------------------------------------
     0 | D:1      | DogServant the Fairy Conjurer began the quest for the Orb.
     0 | D:1      | Reached XP level 1. HP: 11/11 MP: 6/6
    19 | D:1      | Reached skill level 5 in Conjurations
    44 | D:1      | Reached XP level 2. HP: 17/17 MP: 7/7
    80 | D:1      | Learned a level 2 spell: Searing Ray
   441 | D:1      | Reached XP level 3. HP: 21/21 MP: 5/9
   953 | D:2      | Learned a level 3 spell: Iskenderun's Mystic Blast
  1102 | D:2      | Found an iron altar of Okawaru.
  1102 | D:2      | Found a burning altar of Makhleb.
  1110 | D:2      | Found a shimmering altar of Xom.
  1111 | D:2      | Found a white marble altar of Elyvilon.
  1114 | D:2      | Found an ancient bone altar of Kikubaaqudgha.
  1116 | D:2      | Found an ornate altar of the Wu Jian Council.
  1118 | D:2      | Found a radiant altar of Vehumet.
  1161 | D:2      | Reached XP level 4. HP: 27/27 MP: 9/11
  1731 | D:3      | Reached XP level 5. HP: 25/31 MP: 7/13
  2280 | D:3      | Noticed Ijyb
  2388 | D:3      | Killed Ijyb
  2562 | D:3      | Found an opulent altar of Gozag.
  2821 | D:4      | Learned a level 4 spell: Fulminant Prism
  2881 | D:4      | Reached XP level 6. HP: 36/36 MP: 10/15
  2917 | D:4      | Reached skill level 5 in Dodging
  3030 | D:4      | Noticed a sky beast
  3192 | D:4      | Reached skill level 1 in Hexes
  3201 | D:4      | Killed a sky beast
  3201 | D:4      | Reached skill level 1 in Fighting
  3201 | D:4      | Reached skill level 5 in Spellcasting
  3201 | D:4      | Reached XP level 7. HP: 42/43 MP: 5/16
  3697 | D:5      | Entered Level 5 of the Dungeon
  4125 | D:5      | Reached XP level 8. HP: 50/50 MP: 9/18
  4168 | D:5      | Found a staircase to the Ecumenical Temple.
  4202 | Temple   | Entered the Ecumenical Temple
  4206 | Temple   | Became a worshipper of Sif Muna the Loreminder
  4343 | D:5      | Found a glowing drain.
  4349 | Sewer    | Entered a sewer
  4823 | D:5      | Reached * piety under Sif Muna
  4921 | D:5      | Learned a level 5 spell: Irradiate
  5006 | D:5      | Reached XP level 9. HP: 48/57 MP: 21/21
  5411 | D:6      | Identified Datsest's Guide on the Ensnaring Traveller (Sif
                  | Muna gifted it to you on level 6 of the Dungeon)
  5411 | D:6      | Received a gift from Sif Muna
  5413 | D:6      | Reached ** piety under Sif Muna
  5498 | D:6      | Learned a level 3 spell: False Image
  5920 | D:6      | Reached skill level 1 in Summonings
  5920 | D:6      | Reached skill level 1 in Transmutations
  6414 | D:7      | Got an ancient graven amulet
  6635 | D:7      | Reached XP level 10. HP: 60/63 MP: 11/22
  6896 | D:7      | Identified Sif Muna's Catalogue of the Blistering Frostbite
  6935 | D:7      | Gained mutation: You are partially covered in large bone
                  | plates. (SH +4) [mutagenic glow]
  6940 | D:7      | Noticed Prince Ribbit
  6953 | D:7      | Killed Prince Ribbit
  6953 | D:7      | Reached skill level 10 in Conjurations
  7281 | D:7      | Found a sacrificial altar of Ru.
  7372 | D:7      | Found a basalt altar of Yredelemnul.
  7395 | D:7      | Identified Sif Muna's Compendium of Conjuration and the
                  | Mountains (Sif Muna gifted it to you on level 7 of the
                  | Dungeon)
  7395 | D:7      | Received a gift from Sif Muna
  7500 | D:8      | Noticed Maurice
  7513 | D:8      | Killed Maurice
  7584 | D:8      | Reached skill level 10 in Dodging
  7584 | D:8      | Reached skill level 5 in Summonings
  7595 | D:8      | Reached *** piety under Sif Muna
  7801 | D:8      | Noticed a red ugly thing
  7983 | D:8      | Reached skill level 5 in Transmutations
  8187 | D:8      | Reached skill level 1 in Invocations
  8262 | D:8      | Killed a red ugly thing
  8444 | D:8      | Reached XP level 11. HP: 68/68 MP: 16/24
  8452 | D:8      | HP: 3/68 [wyvern (6)]
  8453 | D:8      | Slain by an acid dragon

Skill      XL: |  1  2  3  4  5  6  7  8  9 10 |
---------------+-------------------------------+-----
Conjurations   | 5 6 7 8 9 10 | 10.9
Spellcasting   | 3 4 5 6 7 |  7.8
Dodging        | 3 4 5 6 7 9 10 | 10.2
Hexes          | 1 2 3 4 |  4.4
Fighting       | 1 2 3 4 |  4.0
Summonings     | 3 5 |  5.4
Transmutations | 3 5 |  5.3
Invocations    | 1 |  1.9
Stealth        | |  1.6

Action                   |  1- 3 |  4- 6 |  7- 9 | 10-12 || total
-------------------------+-------+-------+-------+-------++-------
Melee: Dagger            |    12 |     7 |     5 |       ||    24
       Unarmed           |       |     4 |       |       ||     4
       Rapier            |       |       |    90 |    34 ||   124
 Cast: Magic Dart        |    62 |    87 |    60 |    15 ||   224
       Searing Ray       |     5 |    15 |    35 |    15 ||    70
       Iskenderun's Myst |       |       |    53 |    25 ||    78
       Fulminant Prism   |       |       |     1 |    11 ||    12
       False Image       |       |       |       |     7 ||     7
       Irradiate         |       |       |       |     4 ||     4
  Use: Scroll            |       |     6 |     7 |       ||    13
  Eat: Chunk             |     1 |     7 |    12 |     4 ||    24
       Ration            |       |       |     1 |     2 ||     3
Armor: Skin              |     3 |     4 |    33 |     6 ||    46
Dodge: Dodged            |    18 |    41 |   166 |    69 ||   294
Block: Other             |     8 |     9 |    60 |    34 ||   111
